 Seeded DCSS version 0.30.0-29-ga12c61a403 (webtiles) character file.

Game seed: 6351066067085065685 (custom seed)

429888 Esekla the Archmage (level 22, -6/172 HPs)
             Began as a Deep Elf Necromancer on May 29, 2023.
             Was the Champion of Vehumet.
             Mangled by Nyubb's ghost (23 damage)
             ... on level 2 of the Crypt on June 24, 2023.
             The game lasted 10:47:05 (59407 turns).

Esekla the Archmage (Deep Elf Necromancer)         Turns: 59407, Time: 10:47:05

Health: -6/172     AC: 38    Str: 11    XL:     22   Next: 82%
Magic:  33/55      EV: 22    Int: 37    God:    Vehumet [******]
Gold:   2379       SH:  5    Dex: 15    Spells: 12/75 levels left

rFire   . . .        w - +3 long sword (holy)
rCold   + . .        x - +0 buckler
rNeg    + . .        V - melded +1 ring mail "Uronn" {rF+ Regen+ Int+3}
rPois   ∞            B - +0 mask of the Dragon {Will+ Slay+3 SInv}
rElec   +            D - +2 cloak {Stlth+}
rCorr   .            t - melded +2 pair of gloves {Dex+3}
SInv    +            W - melded +2 pair of boots {rampage}
Will    +++..        C - amulet of magic regeneration
Stlth   +++++        c - ring "Dedapsol" {rC+ Str+6 Int+5}
HPRegen 0.48/turn    S - ring of the Mage {Wiz Archmagi}
MPRegen 0.74/turn

%: wizardry (x1), archmagi
@: statue-form, wereblooded, slightly contaminated, studying Long Blades, very
slow
A: slow and powerful, torment resistance 1, boosted hp
}: 2/15 runes: barnacled, gossamer
a: End Transformation, Renounce Religion


You were on level 2 of the Crypt.
You worshipped Vehumet.
Vehumet was exalted by your worship.
You were a living statue of rough stone.
You visited 10 branches of the dungeon, and saw 42 of its levels.
You visited 1 bazaar.
You also visited: Trove, Bailey, Gauntlet and Desolation.

You collected 7528 gold pieces.
You spent 5149 gold pieces at shops.

Inventory:

Hand Weapons
 a - a +9 vampiric double sword
 e - the +8 arc blade {discharge, rElec}
   (You bought it in a shop on level 4 of the Dungeon)

   rElec:     It insulates you from electricity.
 f - a +6 scimitar of flaming
 g - a +4 long sword of protection
 r - a +4 trident of venom
 s - the +8 Vampire's Tooth {megavamp}
   (You bought it in a shop in a bazaar)
 w - a +3 long sword of holy wrath (weapon)
 z - a +5 scimitar of freezing
 E - the +9 sword of Power {lifebolt}
   (You found it in the Desolation of Salt)
Missiles
 p - 77 poisoned darts
 J - 6 curare-tipped darts
 M - 27 boomerangs (quivered)
 Y - 13 javelins
Armour
 t - a +2 pair of gloves of dexterity (melded)
 x - a +0 buckler (worn)
 B - the +0 mask of the Dragon (worn) {Will+ Slay+3 SInv}
   (You bought it in a shop in a bazaar)

   Slay:      It affects your accuracy & damage with ranged weapons and melee
   (+3).
   SInv:      It lets you see invisible.
   Will:      It increases your willpower.
 D - a +2 cloak of stealth (worn)
 P - a scarf of repulsion
 Q - a +2 helmet of intelligence
 V - the +1 ring mail "Uronn" (melded) {rF+ Regen+ Int+3}
   (You took it off a merfolk on level 4 of the Shoals)

   Int:       It affects your intelligence (+3).
   rF:        It protects you from fire.
   Regen:     It increases your rate of health regeneration.
 W - a +2 pair of boots of rampaging (melded)
Magical Staves
 d - a staff of death
Jewellery
 c - the ring "Dedapsol" (left fist) {rC+ Str+6 Int+5}
   (You acquired it on level 12 of the Dungeon)

   [ring of strength]

   Str:       It affects your strength (+6).
   Int:       It affects your intelligence (+5).
   rC:        It protects you from cold.
 C - an amulet of magic regeneration (around neck)
 H - the ring of Akemeir {Fire Str+4}
   (You found it in a treasure trove)

   [ring of fire]

   It enhances your fire magic.
   Str:       It affects your strength (+4).
   rF:        It protects you from fire.
   rC:        It makes you vulnerable to cold.
 I - the ring "Kiexkoas" {rN+ Slay+3 Stlth+}
   (You found it in the Desolation of Salt)

   [ring of positive energy]

   Slay:      It affects your accuracy & damage with ranged weapons and melee
   (+3).
   rN:        It protects you from negative energy.
   Stlth:     It makes you more stealthy.
 K - the ring of Ryc Wug {rPois Int+3 Dex+6}
   (You found it on level 3 of the Elven Halls)

   [ring of dexterity]

   Int:       It affects your intelligence (+3).
   Dex:       It affects your dexterity (+6).
   rPois:     It protects you from poison.
 R - a ring of fire
 S - the ring of the Mage (right fist) {Wiz Archmagi}
   (You bought it in a shop on level 2 of the Dungeon)

   [ring of wizardry]

   It improves your spell success rate.
   Archmagi:  It increases the power of your magical spells.
 U - the ring "Pileq" {Ice Str+4 Dex+3 Slay+2}
   (You found it on level 4 of the Shoals)

   [ring of ice]

   It enhances your ice magic.
   Str:       It affects your strength (+4).
   Dex:       It affects your dexterity (+3).
   Slay:      It affects your accuracy & damage with ranged weapons and melee
   (+2).
   rF:        It makes you vulnerable to fire.
   rC:        It protects you from cold.
Wands
 j - a wand of roots (64)
 o - a wand of quicksilver (41)
 A - a wand of flame (65)
 X - a wand of digging (26)
 Z - a wand of mindburst (18)
Scrolls
 m - 7 scrolls of fog
 n - a scroll of magic mapping
 F - 14 scrolls of teleportation
 G - 3 scrolls of silence
 N - 8 scrolls of blinking
Potions
 b - 5 potions of magic
 h - 7 potions of ambrosia
 i - 11 potions of haste
 k - 15 potions of curing
 l - 10 potions of brilliance
 q - 3 potions of might
 u - 2 potions of resistance
 v - 14 potions of attraction
 y - 9 potions of flight
 O - 4 potions of cancellation
 T - a potion of invisibility
Miscellaneous
 L - a lightning rod (4/4)


   Skills:
 + Level 12.6 Fighting
 + Level 4.8(6.8) Short Blades
 * Level 6.9(7.5) Long Blades
 + Level 5.0 Throwing
 + Level 8.4 Armour
 * Level 18.8 Dodging
 + Level 7.3 Stealth
 + Level 5.5 Shields
 O Level 27 Spellcasting
 + Level 7.5 Conjurations
 + Level 13.1 Necromancy
 + Level 4.8 Translocations
 + Level 11.6 Transmutations
 + Level 12.2 Fire Magic
 + Level 8.8 Ice Magic
 + Level 11.1 Air Magic
 * Level 13.5 Earth Magic
 - Level 7.7 Poison Magic
 + Level 1.5 Evocations


You had 12 spell levels left.
You knew the following spells:

 Your Spells              Type           Power      Damage    Failure   Level
a - Statue Form           Tmut/Erth      80%        N/A       1%          6
c - Mephitic Cloud        Conj/Pois/Air  100%       N/A       1%          3
d - Vampiric Draining     Necr           100%       2d13      0%          3
f - Ignition              Fire           59%        3d16      2%          8
g - Ozocubu's Refrigerat  Ice            54%        4d19      1%          7
h - Vhi's Electric Charg  Tloc/Air       100%       N/A       1%          3
i - Irradiate             Conj/Tmut      55%        3d30      1%          5
n - Ignite Poison         Fire/Tmut/Pois 100%       N/A       0%          3
p - Apportation           Tloc           100%       N/A       1%          1
r - Frozen Ramparts       Ice            100%       1d16      1%          3
u - Dispel Undead         Necr           100%       3d31      0%          4
v - Poisonous Vapours     Pois/Air       100%       N/A       0%          2
w - Wereblood             Tmut           100%       N/A       0%          2
x - Olgreb's Toxic Radia  Pois           100%       N/A       1%          4
y - Sticky Flame          Conj/Fire      100%       2d11      1%          4
z - Freezing Cloud        Conj/Ice/Air   54%        6-21      1%          5

Your spell library contained the following spells:

 Spells                   Type           Power      Damage    Failure   Level
 Shatter                  Erth           61%        3d45*     21%         9
 Fire Storm               Conj/Fire      55%        8d14      61%         9
 Foxfire                  Conj/Fire      100%       2x1d9     0%          1
 Freeze                   Ice            100%       1d10      0%          1
 Magic Dart               Conj           100%       1d8       0%          1
 Necrotise                Necr           100%       1d9       0%          1
 Sandblast                Erth           100%       2d20      0%          1
 Shock                    Conj/Air       100%       1d9       0%          1
 Sting                    Tmut/Pois      100%       1d8       0%          1
 Cigotuvi's Dreadful Rot  Necr/Pois/Air  100%       N/A       0%          2
 Passwall                 Tmut/Erth      100%       N/A       0%          2
 Sublimation of Blood     Necr           100%       N/A       0%          2
 Stone Arrow              Conj/Erth      100%       3d13      0%          3
 Swiftness                Air            100%       N/A       0%          3
 Animate Dead             Necr           100%       N/A       0%          4
 Summon Small Mammal      Summ           100%       N/A       1%          1
 Call Imp                 Summ           100%       N/A       1%          2
 Lesser Beckoning         Tloc           100%       N/A       1%          2
 Gell's Gravitas          Tloc           91%        N/A       1%          3
 Hailstorm                Conj/Ice       100%       3d20      1%          3
 Inner Flame              Hex/Fire       97%        N/A       1%          3
 Ozocubu's Armour         Ice            100%       N/A       1%          3
 Portal Projectile        Hex/Tloc       100%       N/A       1%          3
 Spider Form              Tmut/Pois      100%       N/A       1%          3
 Summon Guardian Golem    Hex/Summ       66%        N/A       1%          3
 Teleport Other           Tloc           91%        N/A       1%          3
 Tukima's Dance           Hex            66%        N/A       1%          3
 Airstrike                Air            57%        2d(9-25)  1%          4
 Anguish                  Hex/Necr       49%        N/A       1%          4
 Animate Armour           Summ/Erth      100%       N/A       1%          4
 Cause Fear               Hex            33%        N/A       1%          4
 Ice Form                 Ice/Tmut       100%       N/A       1%          4
 Iskenderun's Mystic Bla  Conj/Tloc      97%        2d19      1%          4
 Manifold Assault         Tloc           91%        N/A       1%          4
 Passage of Golubria      Tloc           91%        N/A       1%          4
 Petrify                  Tmut/Erth      100%       N/A       1%          4
 Summon Ice Beast         Ice/Summ       90%        N/A       1%          4
 Summon Lightning Spire   Summ/Air       94%        N/A       1%          4
 Agony                    Necr           100%       N/A       1%          5
 Arcjolt                  Conj/Air       54%        1d64      1%          5
 Fireball                 Conj/Fire      55%        3d21      1%          5
 Lee's Rapid Deconstruct  Erth           61%        3d28*     1%          5
 Metabolic Englaciation   Hex/Ice        45%        N/A       1%          5
 Silence                  Hex/Air        47%        N/A       1%          5
 Yara's Violent Unravell  Hex/Tmut       48%        3d19      1%          5
 Conjure Ball Lightning   Conj/Air       54%        3x3d20    1%          6
 Death Channel            Necr           60%        N/A       1%          6
 Plasma Beam              Fire/Air       58%        2x1d81    1%          6
 Starburst                Conj/Fire      55%        6d15      1%          6
 Dragon Form              Tmut           58%        N/A       1%          7
 Summon Forest            Summ/Tloc      40%        N/A       2%          5
 Orb of Destruction       Conj           51%        9d13      2%          7
 Dispersal                Tloc           45%        N/A       4%          6
 Maxwell's Capacitive Co  Air            57%        ∞         4%          8
 Lehudib's Crystal Spear  Conj/Erth      56%        10d13     5%          8
 Summon Mana Viper        Hex/Summ       66%        N/A       6%          5
 Spellforged Servitor     Conj/Summ      43%        N/A       11%         7
 Summon Cactus Giant      Summ           33%        N/A       30%         6
 Chain Lightning          Conj/Air       54%        3d72      67%         9
 Enfeeble                 Hex            33%        N/A       83%         7
 Summon Hydra             Summ           33%        N/A       83%         7
 Disjunction              Tloc           45%        N/A       86%         8
 Discord                  Hex            33%        N/A       100%        8
 Dragon's Call            Summ           33%        N/A       100%        9


Dungeon Overview and Level Annotations

Branches:
Dungeon (15/15)            Temple (1/1) D:6            Lair (5/5) D:11
 Shoals (4/4) Lair:2       Spider (4/4) Lair:3        Slime (0/5) Lair:5
    Orc (2/2) D:10            Elf (3/3) Orc:2        Vaults (4/5) D:13
  Crypt (3/3) Vaults:2       Tomb (0/3) Crypt:3      Depths (1/4) D:15
 Bailey (visited)         Desolation (visited)      Gauntlet (visited)

Altars:
Cheibriados
Dithmenos
Fedhas
Hepliaklqana
Nemelex Xobeh
Okawaru
Qazlal
Ru
Trog
Uskayaw
Vehumet
Xom
Zin
The Shining One
Jiyva

Shops:
D:2 =   D:4 (   D:11 *   Orc:2 **[:   Elf:2 ?:?   Shoals:2 (   Shoals:3 !
Vaults:1 [   Vaults:4 ?

Portals:
Pandemonium: Orc:2

Annotations:
Lair:2 2 transporters
Lair:4 Rupert
Crypt:2 Fainec's ghost, veteran GrEE; Nyubb's ghost, veteran MiGl; Voydouki's ghost, veteran MiGl


Message History

Fainec's ghost is blasted with magical radiation!!!
Fainec's ghost is moderately damaged.
Voydouki's ghost is blasted with magical radiation!!!
Voydouki's ghost is heavily damaged.
Nyubb's ghost is blasted with magical radiation!!!
Nyubb's ghost is moderately damaged.
You are very lightly contaminated with residual magic.
You block Voydouki's ghost's attack. Fainec's ghost completely misses you.
Nyubb's ghost hits you!!
Casting: Irradiate (safe; 1% risk of failure)
Confirm with . or Enter, or press ? or * to list all spells.
You feel a surge of power!
You erupt in a fountain of uncontrolled magic!
Fainec's ghost is blasted with magical radiation!
Fainec's ghost is moderately damaged.
Voydouki's ghost is blasted with magical radiation!!
Voydouki's ghost is severely damaged.
Nyubb's ghost is blasted with magical radiation.
You are lightly contaminated with residual magic.
Voydouki's ghost is engulfed in blazing flames.
Voydouki's ghost completely misses you.
Fainec's ghost hits you but does no damage.
Nyubb's ghost hits you but does no damage.
Voydouki's ghost hits you but does no damage.
Fainec's ghost points at you and mumbles some strange words.
The iron shot misses you. Nyubb's ghost hits you.
Casting: Irradiate (safe; 1% risk of failure)
Confirm with . or Enter, or press ? or * to list all spells.
Aiming: Dispel Undead (safe; 0% risk of failure)
Press: ? - help, Shift-Dir - straight line, f/p - Voydouki's ghost
Aim: Voydouki's ghost, wielding a vampiric weapon (flame, severely damaged, 100% to hit)
You feel a surge of power!
Voydouki's ghost is dispelled!!!
Voydouki's ghost hits you but does no damage.
Fainec's ghost gestures at you while chanting.
The lance of force hits you!!
You are knocked back by the lance of force.
You slam into the stone wall!
* * * LOW HITPOINT WARNING * * *
Nyubb's ghost hits you!!
You die...

#.......# #...............
#.......# #...............
#.......# #...............
#.......# #...............
#.......# #...#######.....
#.......########...# #.###+
#........^.....°°○.### #.#...
#.............WW○....# #.#...
#...#####'####8W°☼...# #.#...
#...#.......####'''### #.#.##
#...#.#######.........# #.#.#
#...#.#.....#⌠.......⌠# #.#.#
#...#.#.....#.........####.#.#
#...#.#.....#!.......!#....#.##
#...#.#####'##8.....8##....#...
#...#........##.)8!.##.....#...
#...#.........# #####......#...


You could see Fainec's ghost, Nyubb's ghost and Voydouki's ghost.

Vanquished Creatures
  A dread lich (Crypt:3)
  Mara (Spider:4)
  An ancient lich (Crypt:3)
  Mennas (Vaults:3)
  A curse toe (Crypt:3)
  A golden dragon (Vaults:4)
  A bone dragon (Crypt:3)
  2 liches (Crypt:3)
  A quicksilver dragon (Vaults:4)
  5 sphinxes
  6 ancient champions
  2 krakens
  2 deep elf master archers (Elf:3)
  3 deep elf blademasters
  Ilsuiw (Shoals:3)
  2 shadow dragons (Vaults:4)
  2 storm dragons (D:14)
  4 frost giants
  9 emperor scorpions
  2 imperial myrmidons (Desolation)
  2 ghouls
  3 iron dragons (Vaults:4)
  7 deep elf sorcerers
  4 ghost moths
  12 vault wardens
  3 curse skulls
  A balrug (Gauntlet)
  3 orc warlords
  13 very ugly things
  A deep elf elementalist (Elf:3)
  13 ironbound thunderhulks
  8 ironbound preservers
  A stone giant (D:15)
  2 reapers
  A broodmother (Spider:3)
  4 war gargoyles (Vaults:2)
  8 vampire knights
  4 deep elf demonologists
  Azrael (Orc:2)
  8 dire elephants
  2 minotaurs
  9 deep elf annihilators
  4 halazid warlocks (Desolation)
  2 spark wasps
  2 crystal guardians
  5 eidola
  5 entropy weavers
  2 ettins
  4 merfolk impalers
  3 fire dragons
  6 deep elf death magi
  4 merfolk javelineers
  7 great orbs of eyes
  4 deep elf high priests
  7 yaktaur captains
  9 ragged hierophants (Desolation)
  3 jiangshi (Crypt:3)
  12 peacekeepers
  4 servants of whispers (Desolation)
  Harold (D:9)
  11 vault guards
  15 ironbound frosthearts
  A demonspawn (Orc:2)
  4 merfolk aquamancers
  4 hydras
  2 death knights (Crypt:1)
  3 radroaches
  16 satyrs
  10 centaur warriors
  3 catoblepae
  8 boulder beetles
  3 jorogumos
  An alligator snapping turtle (Shoals:3)
  32 dancing weapons
  4 merfolk avatars
  4 two-headed ogres
  4 vampire magi
  A titan zombie (Crypt:2)
  3 orc high priests (Orc:2)
  A soul eater (Crypt:1)
  A shock serpent (shapeshifter) (Vaults:4)
  12 deep elf knights
  2 pharaoh ants
  A shadow wraith (Crypt:2)
  21 skeletal warriors
  A sun moth (Spider:1)
  25 deep trolls
  Lodul (D:10)
  2 flayed ghosts
  12 sea snakes
  4 skysharks
  10 orb spiders
  2 glowing orange brains
  2 golden dragon skeletons
  4 bog bodies
  9 wizards
  Pikel (D:6)
  An iron giant skeleton (Crypt:3)
  A swamp dragon (Lair:5)
  An anaconda skeleton (Crypt:2)
  21 ironbound convokers
  28 deep elf pyromancers
  8 phantasmal warriors
  3 steelbarb worms
  6 lindwurms
  A bunyip skeleton (Crypt:2)
  A tengu zombie (Vaults:4)
  An oklob plant (Lair:5)
  13 deep elf archers
  A mana viper (shapeshifter) (D:14)
  A sphinx zombie (Depths:1)
  11 necromancers
  A wolf spider zombie (Crypt:1)
  25 deep elf zephyrmancers
  29 harpies
  38 ugly things
  9 orc sorcerers (Orc:2)
  8 wolf spiders
  24 fauns
  A tengu skeleton (Vaults:4)
  11 orc knights
  A fire giant zombie (Depths:1)
  2 stone giant zombies
  22 cyclopes
  3 moths of wrath
  25 manticores
  Joseph (D:7)
  An eleionoma skeleton (Crypt:2)
  6 merfolk sirens
  2 black mambas
  A black mamba (shapeshifter) (D:13)
  2 human skeletons (Vaults:4)
  7 water nymphs
  10 elephants
  7 guardian serpents (Desolation)
  7 torpor snails
  3 gargoyles
  A smoke demon (Orc:2)
  25 vault sentinels
  3 demonic crawlers
  11 cane toads
  2 molten gargoyles (Desolation)
  A centaur skeleton (Crypt:2)
  A red draconian zombie (Crypt:3)
  Psyche (D:11)
  A grey draconian zombie (Crypt:3)
  3 rime drakes
  An unseen horror (D:13)
  6 freezing wraiths
  16 komodo dragons
  4 kobold demonologists
  A catoblepas zombie (Crypt:2)
  42 yaktaurs
  4 tengu conjurers
  4 guardian mummies (Crypt:3)
  An alligator snapping turtle skeleton (Crypt:2)
  An efreet (D:14)
  28 merfolk
  A red devil (Orc:2)
  A harpy zombie (Crypt:1)
  3 tyrant leeches (Lair:5)
  A meliai (D:14)
  A white draconian skeleton (Crypt:3)
  A polar bear (D:11)
  10 trolls
  A death drake zombie (Crypt:2)
  9 tarantellas
  13 hornets
  A hornet (shapeshifter) (D:15)
  3 wind drakes
  47 saltlings
  2 harpy skeletons (Crypt:1)
  5 blink frogs (Lair:1)
  An ettin zombie (Depths:1)
  11 jumping spiders
  22 slime creatures
  4 centaur simulacra (D:11)
  8 snapping turtles
  6 flying skulls
  3 air elementals
  2 vampires
  7 culicivoras
  11 wraiths
  11 spriggans (Lair:3)
  5 basilisks
  9 water elementals
  33 yaks
  A chaos spawn (Orc:2)
  4 fire elementals
  3 steam dragons
  5 wyverns
  5 vampire mosquitoes
  29 redbacks
  A wind drake skeleton (Crypt:3)
  Menkaure (D:7)
  3 wargs
  3 acid dragons
  An entropy weaver zombie (Crypt:3)
  6 ice beasts
  14 water moccasins
  6 hell hounds
  A naga skeleton (Crypt:3)
  2 swamp drakes (Lair:5)
  An ice beast (shapeshifter) (Elf:1)
  A sky beast (D:6)
  A meliai simulacrum (D:14)
  43 orc warriors
  2 black bears
  A merfolk simulacrum (Crypt:1)
  4 human zombies (Vaults:4)
  18 ogres
  An elephant zombie (Crypt:1)
  9 centaurs
  3 boggarts (Lair:3)
  12 wolves
  A lindwurm skeleton (Crypt:3)
  A phantom (D:7)
  Blork the orc (D:6)
  6 kobold brigands
  A draconian zombie (Crypt:2)
  4 gnoll sergeants
  7 earth elementals
  2 necrophages (Crypt:1)
  10 bullfrogs
  3 scorpions
  10 wights
  A wyvern skeleton (Crypt:3)
  A yak zombie (Crypt:2)
  21 killer bees
  A polar bear skeleton (Crypt:2)
  2 howler monkeys (D:10)
  An electric eel (D:11)
  2 quasits (D:8)
  3 gnoll boudas
  6 hounds
  A jelly (D:6)
  Crazy Yiuf (D:7)
  32 orc priests
  A sleepcap (D:5)
  7 iguanas
  12 hell rats
  14 orc wizards
  An acid dragon zombie (Crypt:1)
  2 ogre skeletons
  34 gnolls
  9 adders
  3 shadow imps (D:8)
  9 white imps
  4 ufetubi
  An iguana skeleton (Crypt:1)
  A worm (D:4)
  3 dart slugs
  95 orcs
  6 ball pythons
  4 bats
  2 bat zombies
  4 endoplasms
  9 goblins
  7 hobgoblins
  A quokka (D:1)
  3 training dummies (Shoals:2)
  4 frilled lizards
  A jackal zombie (Crypt:3)
  24 kobolds
  A rat (D:2)
  A tentacle (Shoals:4)
1777 creatures vanquished.

Vanquished Creatures (others)
  An ironbound preserver (Vaults:4)
  A deep elf knight (Elf:2)
  A deep troll (Vaults:4)
  A necrophage (Crypt:1)
  11 tentacles
15 creatures vanquished.

Grand Total: 1792 creatures vanquished

Notes
Turn   | Place    | Note
-------+----------+-------------------------------------------
     0 | D:1      | Esekla the Deep Elf Necromancer began the quest for the
                  | Orb.
     0 | D:1      | Reached XP level 1. HP: 10/10 MP: 6/6
   129 | D:1      | Reached skill level 5 in Necromancy
   259 | D:1      | Reached XP level 2. HP: 13/15 MP: 8/8
   401 | D:2      | Found Renulab's Jewellery Shop.
   559 | D:4      | Found a radiant altar of Vehumet.
   563 | D:4      | Became a worshipper of Vehumet
   775 | D:1      | Reached XP level 3. HP: 19/19 MP: 9/9
   779 | D:1      | Learned a level 3 spell: Vampiric Draining
   862 | D:2      | Noticed a black bear
  1244 | D:2      | Reached XP level 4. HP: 24/24 MP: 6/11
  1336 | D:2      | Found a faded altar of an unknown god.
  1360 | D:2      | Reached skill level 4 in Spellcasting
  1697 | D:2      | Killed a black bear
  1698 | D:2      | Reached skill level 1 in Short Blades
  1698 | D:2      | Reached skill level 5 in Spellcasting
  1698 | D:2      | Reached XP level 5. HP: 27/28 MP: 3/14
  1787 | D:3      | Identified the +5 rapier of the Hero {heavy, rN+ Dex+3}
  1859 | D:3      | Reached * piety under Vehumet
  1859 | D:3      | Offered knowledge of Kiss of Death by Vehumet.
  2156 | D:3      | Found a stormy altar of Qazlal.
  2186 | D:3      | Found a hazy altar of Hepliaklqana.
  2188 | D:3      | Found a bloodstained altar of Trog.
  2369 | D:3      | Learned a level 3 spell: Teleport Other
  2611 | D:4      | Found a glowing golden altar of the Shining One.
  2643 | D:4      | Reached XP level 6. HP: 33/33 MP: 16/16
  2812 | D:4      | Reached skill level 6 in Spellcasting
  2814 | D:4      | Reached skill level 1 in Translocations
  2823 | D:4      | Found an iron altar of Okawaru.
  2840 | D:4      | Found a glowing silver altar of Zin.
  2905 | D:4      | Found Ponaysk's Antique Weapon Boutique.
  3542 | D:5      | Entered Level 5 of the Dungeon
  3727 | D:5      | Got the Parchment of the Lumpy Olives
  3799 | D:5      | Offered knowledge of Shock by Vehumet.
  3810 | D:5      | Learned a level 1 spell: Shock
  3873 | D:5      | Reached ** piety under Vehumet
  3874 | D:5      | Reached skill level 1 in Air Magic
  3874 | D:5      | Reached XP level 7. HP: 37/37 MP: 18/18
  4020 | D:5      | Found a shadowy altar of Dithmenos.
  4742 | D:5      | Reached skill level 1 in Conjurations
  4937 | D:6      | Reached skill level 5 in Dodging
  4937 | D:6      | Reached skill level 7 in Spellcasting
  5003 | D:6      | Noticed Pikel
  5087 | D:7      | Found a runed translucent door.
  5088 | D:7      | Noticed Crazy Yiuf
  5099 | D:7      | Killed Crazy Yiuf
  5191 | D:6      | Killed Pikel
  5192 | D:6      | Reached skill level 1 in Throwing
  5192 | D:6      | Reached skill level 8 in Spellcasting
  5192 | D:6      | Reached XP level 8. HP: 14/42 MP: 9/22
  5657 | D:6      | Found a staircase to the Ecumenical Temple.
  5788 | D:6      | Found a blossoming altar of Fedhas.
  5801 | D:6      | Offered knowledge of Frozen Ramparts by Vehumet.
  5821 | D:6      | Learned a level 3 spell: Frozen Ramparts
  6056 | D:6      | Noticed Blork the orc
  6078 | D:6      | Killed Blork the orc
  6079 | D:6      | Reached skill level 1 in Fighting
  6466 | D:7      | Noticed Menkaure
  6631 | D:7      | Reached skill level 9 in Spellcasting
  6631 | D:7      | Reached XP level 9. HP: 47/47 MP: 18/24
  6678 | Temple   | Entered the Ecumenical Temple
  7059 | D:7      | Reached skill level 1 in Ice Magic
  7102 | D:7      | Noticed Joseph
  7124 | D:7      | Killed Joseph
  7396 | D:7      | Reached skill level 10 in Spellcasting
  7426 | D:7      | Reached *** piety under Vehumet
  7684 | D:8      | Noticed a two-headed ogre
  7764 | D:8      | Reached skill level 1 in Evocations
  8165 | D:8      | Found a hide-covered altar of Uskayaw.
  8181 | D:8      | Offered knowledge of Volatile Blastmotes by Vehumet.
  8579 | D:8      | Reached **** piety under Vehumet
  8667 | D:8      | Offered knowledge of Lee's Rapid Deconstruction by Vehumet.
  8740 | D:8      | Killed a two-headed ogre
  8741 | D:8      | Reached skill level 11 in Spellcasting
  8741 | D:8      | Reached XP level 10. HP: 52/52 MP: 25/27
  8763 | D:8      | Found a transporter.
  8779 | D:7      | Learned a level 5 spell: Lee's Rapid Deconstruction
  8837 | D:8      | Found a transporter.
  8839 | D:8      | Found a transporter.
  8844 | D:8      | Found a transporter.
  9383 | D:9      | Found a flagged portal.
  9436 | Bailey   | Entered a bailey
  9454 | Bailey   | Reached skill level 1 in Earth Magic
  9749 | Bailey   | Identified the +2 bardiche of Puhoisos {heavy, rElec
                  | Stlth+}
  9754 | Bailey   | Noticed an orc knight
  9754 | Bailey   | Noticed an orc knight
  9789 | Bailey   | Killed an orc knight
  9790 | Bailey   | Reached skill level 1 in Long Blades
  9897 | Bailey   | Killed an orc knight
  9898 | Bailey   | Reached skill level 12 in Spellcasting
 10135 | D:9      | Reached skill level 5 in Conjurations
 10194 | D:9      | Reached ***** piety under Vehumet
 10295 | D:9      | Offered knowledge of Spellforged Servitor by Vehumet.
 10340 | D:9      | Noticed a cyclops
 10422 | D:9      | Noticed Harold
 10433 | D:9      | Killed Harold
 10601 | D:9      | Noticed a two-headed ogre
 10774 | D:9      | Found a sparkling altar of Nemelex Xobeh.
 10895 | D:9      | Killed a two-headed ogre
 10896 | D:9      | Reached skill level 13 in Spellcasting
 10896 | D:9      | Reached XP level 11. HP: 58/58 MP: 30/30
 11330 | D:10     | Entered Level 10 of the Dungeon
 11375 | D:10     | Found a staircase to the Orcish Mines.
 11885 | D:10     | Found a sacrificial altar of Ru.
 12073 | D:11     | Reached skill level 14 in Spellcasting
 12171 | D:11     | Noticed Lodul
 12199 | D:10     | Killed Lodul
 12383 | D:2      | Bought the ring of the Mage {Wiz Archmagi} for 714 gold
                  | pieces
 12383 | D:2      | Found the ring of the Mage {Wiz Archmagi}
 12975 | D:11     | Reached skill level 5 in Earth Magic
 13071 | D:11     | Reached skill level 10 in Necromancy
 13280 | D:11     | Reached skill level 15 in Spellcasting
 13332 | D:11     | Found a staircase to the Lair.
 13446 | D:11     | Reached XP level 12. HP: 66/66 MP: 33/33
 13627 | D:11     | Found Fagafuf's Pet Rocks.
 13721 | D:11     | Got Simple Magic
 13807 | D:11     | Noticed Psyche
 13810 | D:11     | Killed Psyche
 13814 | D:11     | Noticed a two-headed ogre
 13822 | D:11     | Killed a two-headed ogre
 14379 | Lair:1   | Entered Level 1 of the Lair of Beasts
 14595 | Lair:1   | Reached skill level 1 in Armour
 15103 | Lair:1   | Reached skill level 16 in Spellcasting
 15248 | Lair:1   | Reached skill level 5 in Fighting
 15255 | Lair:1   | Reached skill level 5 in Stealth
 15495 | Lair:2   | Found a transporter.
 15495 | Lair:2   | Found a transporter.
 15496 | Lair:2   | Noticed a boulder beetle
 15496 | Lair:2   | Noticed a boulder beetle
 16161 | Lair:2   | Offered knowledge of Iskenderun's Mystic Blast by Vehumet.
 16167 | Lair:2   | Learned a level 4 spell: Iskenderun's Mystic Blast
 17010 | Lair:2   | Found a staircase to the Shoals.
 17275 | Lair:3   | Found a hole to the Spider Nest.
 17511 | Lair:3   | Reached skill level 10 in Dodging
 17614 | Lair:3   | Noticed a six-headed hydra
 17629 | Lair:3   | Killed a six-headed hydra
 17630 | Lair:3   | Reached skill level 17 in Spellcasting
 17630 | Lair:3   | Reached XP level 13. HP: 61/74 MP: 36/36
 17705 | Lair:3   | Identified the +3 leather armour of Okawaru's Inspiration
                  | {Str+4}
 18559 | Lair:3   | Reached skill level 1 in Shields
 18845 | Lair:4   | Learned a level 4 spell: Sticky Flame
 19059 | Lair:4   | Reached skill level 1 in Fire Magic
 19717 | Lair:4   | Noticed Rupert
 20752 | D:12     | Found a portal to a secret trove of treasure.
 20883 | D:12     | Acquired the ring "Dedapsol" {rC+ Str+6 Int+5}
 20890 | D:12     | Acquired 573 gold pieces
 20892 | D:12     | Acquired a +5 vampiric double sword
 20907 | Trove    | Entered a treasure trove
 20914 | Trove    | Identified the +3 ring mail "Poady" {+Inv rF+ Dex+2 Slay-4}
 20915 | Trove    | Identified the +1 broad axe "Jovap" {freeze, rElec Dex+5}
 20918 | Trove    | Identified the ring of Akemeir {Fire Str+4}
 20925 | Trove    | Identified the ring of Descent {rPois rC+ Int+5 Stlth-}
 20984 | D:12     | Learned a level 2 spell: Poisonous Vapours
 20988 | D:12     | Learned a level 3 spell: Mephitic Cloud
 20992 | D:12     | Learned a level 3 spell: Ignite Poison
 21175 | D:12     | Learned a level 2 spell: Wereblood
 21576 | Orc:1    | Entered Level 1 of the Orcish Mines
 21591 | Orc:1    | Reached skill level 18 in Spellcasting
 21774 | Orc:2    | Entered Level 2 of the Orcish Mines
 21808 | Orc:1    | Noticed an orc warlord
 22007 | Orc:2    | Reached skill level 1 in Transmutations
 22336 | D:4      | Bought the +8 arc blade {discharge, rElec} for 1740 gold
                  | pieces
 22336 | D:4      | Found the +8 arc blade {discharge, rElec}
 22648 | Orc:1    | Killed an orc warlord
 22649 | Orc:1    | Reached skill level 1 in Poison Magic
 23209 | Orc:2    | Noticed an orc warlord
 23239 | Orc:2    | Killed an orc warlord
 23324 | Orc:2    | Found a staircase to the Elven Halls.
 23388 | Orc:2    | Reached skill level 5 in Ice Magic
 23393 | Orc:2    | Paralysed by an orc sorcerer for 4 turns
 23716 | Orc:2    | Reached XP level 14. HP: 81/82 MP: 38/38
 23970 | Orc:2    | Found Roezostra's General Store.
 23971 | Orc:2    | Found Bamnuus's General Store.
 24050 | Orc:2    | Noticed Azrael
 24203 | Orc:2    | Bought a scroll of identify for 34 gold pieces
 24259 | Orc:2    | Killed Azrael
 24499 | Orc:2    | Found Huzal's Antique Armour Boutique.
 24499 | Orc:2    | Found Jyohez's Book Shop.
 24500 | Orc:2    | Found a one-way gate leading to the halls of Pandemonium.
 24511 | Orc:2    | Upgraded the game from 0.30.0-19-g36f170ea60 to
                  | 0.30.0-29-ga12c61a403
 24518 | Orc:2    | Learned a level 5 spell: Freezing Cloud
 24519 | Orc:2    | Bought a runed helmet for 270 gold pieces
 24892 | D:7      | Killed Menkaure
 25281 | Lair:5   | Entered Level 5 of the Lair of Beasts
 25301 | Lair:5   | Reached skill level 19 in Spellcasting
 25987 | Orc:2    | Bought a Young Poisoner's Handbook for 300 gold pieces
 25992 | Orc:2    | Learned a level 4 spell: Olgreb's Toxic Radiance
 26483 | Lair:5   | Found a viscous altar of Jiyva.
 26484 | Lair:5   | Found a staircase to the Slime Pits.
 26513 | Lair:5   | Reached skill level 5 in Fire Magic
 26583 | Lair:5   | Found a runed translucent door.
 27541 | Lair:5   | Got Utragud's Papyrus of the Inquisitive Olives
 27949 | Orc:2    | Bought a book of Cantrips for 180 gold pieces
 27951 | Orc:2    | Learned a level 1 spell: Apportation
 28648 | D:13     | Reached skill level 20 in Spellcasting
 28648 | D:13     | Reached XP level 15. HP: 85/89 MP: 39/41
 28691 | D:13     | Learned a level 3 spell: Vhi's Electric Charge
 29016 | D:13     | Offered knowledge of Irradiate by Vehumet.
 29134 | D:13     | Found a gate to the Vaults.
 29662 | D:13     | Learned a level 5 spell: Irradiate
 29908 | Lair:5   | Learned a level 6 spell: Statue Form
 30132 | D:15     | Entered Level 15 of the Dungeon
 30190 | D:15     | Found a staircase to the Depths.
 30203 | D:15     | Found a stormy altar of Qazlal.
 30223 | D:15     | Found a gate leading to a gauntlet.
 30336 | Gauntlet | Entered a Gauntlet
 30336 | Gauntlet | Found a transporter.
 30339 | Gauntlet | Found a transporter.
 30351 | Gauntlet | Found a transporter.
 30363 | Gauntlet | Found a transporter.
 30368 | Gauntlet | Found a transporter.
 30379 | Gauntlet | Found a transporter.
 30399 | Gauntlet | Found a transporter.
 30405 | Gauntlet | Found a transporter.
 30406 | Gauntlet | Found a transporter.
 30431 | Gauntlet | Found a transporter.
 30446 | Gauntlet | Found a transporter.
 30450 | Gauntlet | Found a transporter.
 30752 | Gauntlet | Identified the +2 helmet "Pegeat" {Rampage rC+ rCorr Str-3
                  | Dex+4}
 30985 | Gauntlet | Identified the +10 hand axe of Unpleasantness {venom, rC-
                  | Str-5 Dex+6}
 31168 | D:15     | Reached skill level 5 in Transmutations
 31168 | D:15     | Reached skill level 5 in Poison Magic
 31591 | D:14     | Reached skill level 21 in Spellcasting
 31634 | D:14     | Noticed a storm dragon
 31641 | D:14     | Killed a storm dragon
 31655 | D:14     | Reached skill level 5 in Air Magic
 31667 | D:14     | Reached skill level 10 in Fighting
 31694 | D:14     | Reached XP level 16. HP: 97/97 MP: 40/43
 32543 | D:14     | Noticed a storm dragon
 32550 | D:14     | Killed a storm dragon
 32765 | Spider:1 | Entered Level 1 of the Spider Nest
 32769 | Spider:1 | Identified the +1 pair of boots of Piysunuo {Str+3}
 32846 | Spider:1 | Offered knowledge of Eringya's Noxious Bog by Vehumet.
 34109 | Spider:3 | Reached skill level 22 in Spellcasting
 34440 | D:2      | Bought a ring of see invisible for 210 gold pieces
 35883 | Spider:3 | Offered knowledge of Iron Shot by Vehumet.
 36265 | Spider:4 | Entered Level 4 of the Spider Nest
 36265 | Spider:4 | Noticed Mara
 36310 | Spider:4 | Noticed Esekla's illusion
 36321 | Spider:4 | Killed Mara
 36893 | Spider:4 | Reached XP level 17. HP: 104/104 MP: 42/45
 37708 | Spider:4 | Got a gossamer rune of Zot
 37979 | Depths:1 | Entered Level 1 of the Depths
 37997 | D:15     | Reached skill level 23 in Spellcasting
 38097 | Depths:1 | Found a radiant altar of Vehumet.
 38738 | Shoals:1 | Entered Level 1 of the Shoals
 39214 | Shoals:1 | Reached skill level 5 in Throwing
 39998 | Shoals:2 | Offered knowledge of Iskenderun's Battlesphere by Vehumet.
 40043 | Shoals:2 | Reached ****** piety under Vehumet
 40308 | Shoals:2 | Found Biskeott's Firing Range.
 40474 | Shoals:3 | Noticed Ilsuiw
 40584 | Shoals:3 | Killed Ilsuiw
 40585 | Shoals:3 | Reached XP level 18. HP: 99/112 MP: 40/47
 40588 | Shoals:3 | Reached skill level 24 in Spellcasting
 41047 | Shoals:3 | Found Zemonaik's Distillery.
 41925 | Shoals:4 | Entered Level 4 of the Shoals
 42038 | Shoals:4 | Offered knowledge of Ozocubu's Refrigeration by Vehumet.
 42059 | Shoals:4 | Learned a level 7 spell: Ozocubu's Refrigeration
 42283 | Shoals:4 | Identified the +1 ring mail "Uronn" {rF+ Regen+ Int+3}
 42303 | Shoals:4 | Paralysed by a sphinx for 5 turns
 42344 | Shoals:4 | Reached skill level 25 in Spellcasting
 42482 | Shoals:4 | Got Cuuv Rytt's Atlas of Hot Beguiling
 42482 | Shoals:4 | Got a barnacled rune of Zot
 42589 | Shoals:4 | Identified the ring "Pileq" {Ice Str+4 Dex+3 Slay+2}
 42908 | Vaults:1 | Entered Level 1 of the Vaults
 42914 | Vaults:1 | Reached skill level 15 in Dodging
 43088 | Vaults:1 | Identified the +9 arbalest of Xom's Indignation {penet,
                  | Dex+4 Stlth+}
 43381 | Vaults:1 | Found Emogyl Osee's Armour Boutique.
 43606 | Vaults:1 | Offered knowledge of Fire Storm by Vehumet.
 43606 | Vaults:1 | Offered knowledge of Shatter by Vehumet.
 43606 | Vaults:1 | Offered knowledge of Chain Lightning by Vehumet.
 43618 | Vaults:1 | Learned a level 8 spell: Ignition
 43713 | Vaults:1 | Reached XP level 19. HP: 116/116 MP: 41/50
 44436 | Vaults:2 | Found a staircase to the Crypt.
 44451 | Vaults:2 | Found a flickering gateway to a bazaar.
 44476 | Bazaar   | Entered a bazaar
 44493 | Bazaar   | Found Huts's Armour Emporium.
 44493 | Bazaar   | Found Fuoqy's Distillery.
 44516 | Bazaar   | Found Luehida's Magic Scroll Shoppe.
 44538 | Bazaar   | Found Subykus's Antique Weapon Emporium.
 44538 | Bazaar   | Found Zefiutze's Weapon Shoppe.
 44560 | Bazaar   | Found Gopir's Armour Shoppe.
 44639 | Bazaar   | Bought a +1 cloak of stealth for 181 gold pieces
 44677 | Bazaar   | Bought the +0 mask of the Dragon {Will+ Slay+3 SInv} for
                  | 367 gold pieces
 44677 | Bazaar   | Found the +0 mask of the Dragon {Will+ Slay+3 SInv}
 44721 | Bazaar   | Bought the +8 Vampire's Tooth {megavamp} for 540 gold
                  | pieces
 44721 | Bazaar   | Found the +8 Vampire's Tooth {megavamp}
 44747 | Bazaar   | Bought a potion of mutation for 56 gold pieces
 44761 | Bazaar   | Bought a scroll of blinking for 82 gold pieces
 44775 | Bazaar   | Bought a glowing long sword for 175 gold pieces
 45329 | Shoals:4 | Learned a level 4 spell: Dispel Undead
 45821 | Vaults:2 | Reached skill level 5 in Armour
 45923 | Vaults:2 | Reached skill level 10 in Fire Magic
 46305 | Vaults:2 | Reached skill level 26 in Spellcasting
 46748 | Vaults:3 | Noticed Mennas
 46767 | Vaults:3 | Killed Mennas
 47137 | Shoals:3 | Bought a potion of heal wounds for 75 gold pieces
 47137 | Shoals:3 | Bought a potion of heal wounds for 75 gold pieces
 47137 | Shoals:3 | Bought 2 potions of heal wounds for 150 gold pieces
 47411 | Vaults:3 | Reached XP level 20. HP: 122/122 MP: 46/52
 48368 | Vaults:4 | Found Gint's Magic Scroll Shop.
 48585 | Vaults:4 | Reached skill level 27 in Spellcasting
 48712 | Vaults:4 | Reached skill level 10 in Earth Magic
 48895 | Vaults:4 | Reached skill level 10 in Air Magic
 49095 | Vaults:4 | Paralysed by a great orb of eyes for 5 turns
 49644 | Vaults:4 | Found a huge runed gate.
 49644 | Vaults:4 | Found a huge runed gate.
 49644 | Vaults:4 | Found a huge runed gate.
 49644 | Vaults:4 | Found a huge runed gate.
 49644 | Vaults:4 | Found a huge runed gate.
 49645 | Vaults:4 | Found a huge runed gate.
 49645 | Vaults:4 | Found a huge runed gate.
 49645 | Vaults:4 | Found a huge runed gate.
 49645 | Vaults:4 | Found a huge runed gate.
 49647 | Vaults:4 | Found a huge runed gate.
 49647 | Vaults:4 | Found a huge runed gate.
 49647 | Vaults:4 | Found a huge runed gate.
 49647 | Vaults:4 | Found a huge runed gate.
 49647 | Vaults:4 | Found a huge runed gate.
 49647 | Vaults:4 | Found a huge runed gate.
 49648 | Vaults:4 | Found a huge runed gate.
 49763 | Vaults:4 | Found a huge runed gate.
 49763 | Vaults:4 | Found a huge runed gate.
 49767 | Vaults:4 | Found a huge runed gate.
 49767 | Vaults:4 | Found a huge runed gate.
 49767 | Vaults:4 | Found a huge runed gate.
 49767 | Vaults:4 | Found a huge runed gate.
 49767 | Vaults:4 | Found a huge runed gate.
 49767 | Vaults:4 | Found a huge runed gate.
 49767 | Vaults:4 | Found a huge runed gate.
 49788 | Vaults:4 | Found a huge runed gate.
 49789 | Vaults:4 | Found a huge runed gate.
 49802 | Vaults:4 | Found a huge runed gate.
 49802 | Vaults:4 | Found a huge runed gate.
 49802 | Vaults:4 | Found a huge runed gate.
 49802 | Vaults:4 | Found a huge runed gate.
 49802 | Vaults:4 | Found a huge runed gate.
 49802 | Vaults:4 | Found a huge runed gate.
 49802 | Vaults:4 | Found a huge runed gate.
 49803 | Vaults:4 | Found a huge runed gate.
 49804 | Vaults:4 | Found a huge runed gate.
 49922 | Vaults:4 | Noticed a golden dragon
 49942 | Vaults:4 | Killed a golden dragon
 50011 | Vaults:4 | Got the Octavo of Execration and Ceraunoscopy
 50127 | Crypt:1  | Entered Level 1 of the Crypt
 50404 | Crypt:1  | Reached XP level 21. HP: 127/127 MP: 33/54
 50941 | Crypt:1  | Reached skill level 10 in Transmutations
 51343 | Crypt:2  | Found a runed translucent gate.
 51343 | Crypt:2  | Found a runed translucent gate.
 51343 | Crypt:2  | Found a runed translucent gate.
 51347 | Crypt:2  | Noticed Voydouki's ghost (veteran MiGl)
 51347 | Crypt:2  | Noticed Fainec's ghost (veteran GrEE)
 51347 | Crypt:2  | Noticed Nyubb's ghost (veteran MiGl)
 52049 | Crypt:3  | Entered Level 3 of the Crypt
 52063 | Crypt:3  | Identified the +5 mace of Fedhas's Displeasure {flame,
                  | rElec rC+ Int+3}
 52333 | Crypt:3  | Reached skill level 5 in Long Blades
 52907 | Crypt:3  | Found a staircase to the Tomb.
 53222 | Crypt:3  | Noticed a curse toe
 53257 | Crypt:3  | Killed a curse toe
 53352 | Crypt:3  | Noticed a dread lich
 53352 | Crypt:3  | Noticed an ancient lich
 53667 | Crypt:3  | Killed an ancient lich
 53669 | Crypt:3  | Killed a dread lich
 53691 | Crypt:3  | Got the Handbook of Vapourous Creation
 54136 | Elf:1    | Entered Level 1 of the Elven Halls
 55018 | Elf:2    | Found Wilec's Magic Scroll Emporium.
 55023 | Elf:2    | Found Zegenum's Book Shoppe.
 55023 | Elf:2    | Found Orpholik's Magic Scroll Emporium.
 55121 | Elf:2    | Paralysed by an air elemental for 1 turns
 55125 | Elf:2    | Paralysed by an air elemental for 1 turns
 55143 | Elf:2    | Found a crumbling gateway.
 55209 | Desolati | Entered the Desolation of Salt
 55388 | Desolati | Reached XP level 22. HP: 68/133 MP: 47/55
 55401 | Desolati | Reached skill level 5 in Shields
 55531 | Desolati | Found the +9 sword of Power {lifebolt}
 55534 | Desolati | Identified the ring of Culeuz {*Corrode rElec rF+ MP+9
                  | SInv}
 55537 | Desolati | Identified the +0 leather armour of Omission {Harm rElec}
 55541 | Desolati | Identified the +1 plate armour of Paech {rF++}
 55604 | Desolati | Identified the ring of the Failed Coup {rElec MP+9 Str+4
                  | Dex+2}
 55741 | Desolati | Identified the ring "Kiexkoas" {rN+ Slay+3 Stlth+}
 56560 | Elf:2    | Found a runed translucent gate.
 56565 | Elf:2    | Found a runed translucent gate.
 56565 | Elf:2    | Found a runed translucent gate.
 57576 | Elf:3    | Entered Level 3 of the Elven Halls
 57833 | Elf:3    | Paralysed by an air elemental for 1 turns
 58593 | Elf:3    | Identified the +2 lajatang "Hoakleeg" {heavy, Drain Fly
                  | Will+++ Str+8 Int-4}
 58611 | Elf:3    | Identified the +1 falchion of Jefabeyc {holy, rElec rN+++
                  | Int-4 SInv}
 58720 | Elf:3    | Identified the staff of earth "Osoetuc" {rF+ rC+ Int-4}
 58803 | Elf:3    | Identified the +1 robe of Vehumet's Regard {*Slow rElec
                  | Stlth+ Archmagi}
 58810 | Elf:3    | Identified the ring of Ryc Wug {rPois Int+3 Dex+6}
 58865 | Elf:3    | Identified the staff of conjuration "Xoask" {rElec}
 58872 | Elf:3    | Identified the +8 hand axe of the Realm of Zot {protect,
                  | rN+ SInv}
 58886 | Elf:3    | Identified the staff of fire "Doina" {rF+ rN+++ Will+
                  | Int-2}
 59407 | Crypt:2  | Mangled by Nyubb's ghost

Illustrated notes

Levels and vault maps discovered:
D:1:      sevenhm_arrival_forest_fort_small_3, layout_rooms,
          chequers_serial_rivers_room_b, minmay_misc_feat_five
D:2:      layout_loops_ring, dreamdust_ecumenical_altar_angels_and_demons,
          serial_shops, shop
D:3:      layout_basic, grunt_temple_overflow_open, minmay_misc_feat_iff
D:4:      layout_basic, nicolae_overflow_quartered_altars, serial_shops,
          nicolae_diamond_shop
D:5:      layout_loops_ring, lemuel_doored_altar, minmay_misc_feat_rows,
          dreamdust_wishing_well
D:6:      layout_loops_cross, fedhas_altar_fruit_tree,
          minmay_temple_entry_glass, uniq_pikel, uniq_blork_the_orc
D:7:      layout_basic, uniq_menkaure, uniq_joseph, uniq_crazy_yiuf_cottage
D:8:      layout_basic, nicolae_uskayaw_dance_hall, serial_demonic,
          serial_demonic_d, serial_demonic_a, serial_demonic_c,
          serial_demonic_c, nicolae_diode_quadrants
D:9:      layout_irregular_city, kennysheep_little_box, enter_bailey_4,
          minmay_between, uniq_harold
D:10:     layout_basic, nicolae_ru_awakened_eye
D:11:     layout_rooms, hellmonk_lair_entry_icy, serial_ice, serial_ice_j,
          serial_ice_m, serial_ice_o, serial_ice_c, serial_ice_g, serial_ice_f,
          guppyfry_shop_earth, uniq_psyche, uniq_lodul
D:12:     layout_roguey, nicolae_trove_entry_crossroad
D:13:     layout_loops_ring, lightli_vaults_fourway_checkpoint
D:14:     nzn_winding_woodlands_large [nzn_winding_woodlands_5x5_checkerboard,
          nzn_winding_woodlands_5x15_longhouse,
          nzn_winding_woodlands_5x5_default,
          nzn_winding_woodlands_center_garden,
          nzn_winding_woodlands_15x15_five_gardens,
          nzn_winding_woodlands_center_lodge, nzn_winding_woodlands_5x5_default,
          nzn_winding_woodlands_5x15_crooked, nzn_winding_woodlands_5x5_three],
          layout_loops_corners
D:15:     grunt_enter_depths_giant_problem, layout_rooms,
          nicolae_qazlal_scattered_showers, gauntlet_entry_generic
Temple:   compressed_dpeg_circular_temple
Lair:1:   layout_small_grid
Lair:2:   gammafunk_boulding_lane, layout_small_grid, elwin_shoals_entry_rooms
Lair:3:   kb_forest_paths, layout_chaotic_city, spider_nest_entry_rubble
Lair:4:   layout_hall_layers, grunt_megastairs_3, lemuel_fruit_fields,
          uniq_rupert
Lair:5:   guppyfry_lair_end_dragon, layout_misc_corridors, wormcave,
          dpeg_slime_entry_enclosed
Shoals:1: layout_shoals, nicolae_shoals_nautilus_by_nature
Shoals:2: argonaut_golden_fleece, layout_shoals, nicolae_shop_firing_range
Shoals:3: layout_shoals, serial_shops, shop, nicolae_shoals_lost_giant_hut,
          uniq_ilsuiw
Shoals:4: shoals_end_hellmonk_lost_city, serial_shops
Spider:1: layout_spider_delve, nicolae_spider_some_kinda_spiderbox
Spider:2: layout_spider_delve, nicolae_spider_twisty_arc_passages
Spider:3: layout_chambers, nicolae_orb_stairs
Spider:4: grunt_spider_rune_circles, guppyfry_hornet_nest, uniq_mara
Orc:1:    layout_caves
Orc:2:    pf_orc_diabolical, layout_diamond_mine, uniq_azrael
Elf:1:    minmay_elf_arrival_plus, layout_loops_cross,
          kennysheep_underground_church
Elf:2:    nicolae_elf_blades_crystal_corner, layout_rooms,
          portal_desolation_entry_salt, minivault_25_ag, minmay_shop_star
Elf:3:    elf_hall, layout_loops_cross, nicolae_elf_w_pinch
Vaults:1: vaults_dpeg_emergency_exit, nicolae_vaults_ellipses_ellipsis,
          nicolae_vaults_variable_pillar_hall, v_misc_22, v_misc_33,
          nicolae_vaults_closet_pinwheel_3, v_alt_pattern_4, v_alt_pattern_4,
          nicolae_vaults_tetromino_Z_2, nicolae_vaults_taking_the_gang_shopping,
          nicolae_vaults_spaceships, v_misc_33, nicolae_vaults_shelves_hall,
          nicolae_vaults_trapezoid_lopsided_1, nicolae_vaults_little_ls,
          layout_vaults_ring
Vaults:2: ontoclasm_vaults_bender, nicolae_vaults_storage_closets_1, v_misc_9,
          vaults_room_pools, nicolae_vaults_more_shelving_2, v_misc_14,
          vaults_standard_mumra_lines, hangedman_vaults_stream,
          nicolae_vaults_windows_and_doors_thing,
          minmay_crypt_entry_simple_corners, nicolae_vaults_stand_back,
          vaults_dpeg_diagonal, nicolae_vaults_little_squares_5,
          layout_vaults_omnibox, serial_shops, bzr_entry_gold
Vaults:3: nicolae_vaults_three_branches, v_misc_15, vaults_standard_mumra_x,
          v_misc_13, ontoclasm_vaults_loading_screen, nicolae_vaults_tangram_1,
          nicolae_vaults_display_case, vaults_room_ringed_pool,
          nicolae_vaults_octothorpe, vaults_mumra_minichess,
          nicolae_vaults_variable_pillar_hall, v_alt_pattern_6,
          nicolae_vaults_tetromino_L_1, nicolae_vaults_trapezoid_3,
          layout_vaults_big_room, uniq_mennas
Vaults:4: nicolae_vaults_network_periphery, nicolae_vaults_angled_halls,
          ontoclasm_vaults_twist, door_vault, nicolae_vaults_more_shelving_1,
          nicolae_vaults_yaktaur_gun_rack, hangedman_vaults_slither, v_rooms_1,
          ontoclasm_vaults_claustrophobia, nicolae_vaults_trapezoid_lopsided_1,
          grunt_vaults_focal, hangedman_vaults_slice, layout_vaults_omnicross,
          serial_shops, shop
Crypt:1:  layout_rooms, grunt_ministairs_11, st_small_mortuary
Crypt:2:  layout_chaotic_city, gammafunk_ghost_cemetery
Crypt:3:  david_glass_crypt, layout_misc_corridors, tomb_entry_simple_bobbens,
          glass_columns_a
Depths:1: layout_cave_pools, grunt_hell_horde, lemuel_statue_altar,
          nicolae_vehumet_radiance

Skill      XL: |  1  2  3  4  5  6  7  8  9 10 11 12 13 14 15 16 17 18 19 20 21 22 |
---------------+-------------------------------------------------------------------+-----
Necromancy     | 5 6 7 8 9 10 11 13 | 13.1
Dodging        | 3 4 5 7 9 10 11 12 13 14 15 16 17 18 | 18.8
Spellcasting   | 5 6 8 9 11 13 15 17 18 20 21 22 23 25 26 27 | 27.0
Short Blades   | 1 2 3 4 |  4.8
Stealth        | 3 4 5 6 7 |  7.3
Translocations | 1 3 4 |  4.8
Air Magic      | 1 2 3 4 5 7 8 9 10 11 | 11.1
Conjurations   | 2 4 5 6 7 |  7.5
Throwing       | 1 2 3 4 5 |  5.0
Fighting       | 1 2 3 6 7 8 10 11 12 | 12.6
Ice Magic      | 3 4 5 6 8 |  8.8
Evocations     | 1 |  1.5
Earth Magic    | 3 5 7 8 9 10 12 13 | 13.5
Long Blades    | 1 2 3 4 5 6 |  6.9
Armour         | 2 3 4 5 6 8 |  8.4
Shields        | 2 3 4 5 |  5.5
Fire Magic     | 2 5 7 8 9 10 11 12 | 12.2
Transmutations | 2 4 5 7 8 9 10 11 | 11.6
Poison Magic   | 2 4 5 6 7 |  7.7

Action                     |  1- 3 |  4- 6 |  7- 9 | 10-12 | 13-15 | 16-18 | 19-21 | 22-24 || total
---------------------------+-------+-------+-------+-------+-------+-------+-------+-------++-------
  Melee: Unarmed           |    12 |       |       |       |       |       |       |       ||    12
         Short sword       |     8 |       |       |       |       |       |       |       ||     8
         Dagger            |    50 |    79 |   124 |    16 |    10 |       |       |       ||   279
         Rapier            |       |    53 |       |       |   135 |   186 |    59 |    25 ||   458
         Punch             |       |     5 |     3 |     4 |     2 |       |       |       ||    14
         Scimitar          |       |       |    24 |   208 |    56 |     9 |     4 |     1 ||   302
         Great sword       |       |       |    19 |     7 |       |       |       |       ||    26
         Trident           |       |       |     3 |       |     1 |       |       |       ||     4
         Double sword      |       |       |       |       |    54 |    24 |   103 |   119 ||   300
         Long sword        |       |       |       |       |       |       |   122 |       ||   122
         Quick blade       |       |       |       |       |       |       |    11 |     2 ||    13
         Staff             |       |       |       |       |       |       |    11 |       ||    11
  Throw: Dart              |       |    14 |    56 |   115 |     5 |       |       |       ||   190
         Throwing net      |       |       |     1 |       |       |       |       |       ||     1
         Boomerang         |       |       |       |    12 |    39 |     8 |     7 |     5 ||    71
   Cast: Vampiric Draining |    10 |    22 |    63 |   127 |    88 |     7 |    26 |       ||   343
         Teleport Other    |       |       |    15 |     2 |     6 |       |       |       ||    23
         Shock             |       |       |    32 |     5 |       |       |       |       ||    37
         Frozen Ramparts   |       |       |    22 |    80 |    52 |    35 |    25 |     9 ||   223
         Lee's Rapid Decon |       |       |       |    33 |     6 |       |       |       ||    39
         Poisonous Vapours |       |       |       |       |   186 |   225 |    92 |    49 ||   552
         Ignite Poison     |       |       |       |       |   126 |   156 |    98 |    39 ||   419
         Mephitic Cloud    |       |       |       |       |    37 |     6 |    18 |     2 ||    63
         Wereblood         |       |       |       |       |    28 |    32 |    37 |    14 ||   111
         Sticky Flame      |       |       |       |       |    34 |    59 |   106 |    20 ||   219
         Iskenderun's Myst |       |       |       |       |     1 |       |     1 |       ||     2
         Freezing Cloud    |       |       |       |       |    20 |    20 |     8 |     4 ||    52
         Olgreb's Toxic Ra |       |       |       |       |    20 |    56 |    46 |    14 ||   136
         Statue Form       |       |       |       |       |    10 |    72 |    78 |    24 ||   184
         Apportation       |       |       |       |       |     9 |    58 |    34 |     1 ||   102
         Irradiate         |       |       |       |       |     2 |    17 |    31 |    21 ||    71
         Vhi's Electric Ch |       |       |       |       |       |     1 |     1 |       ||     2
         Ignition          |       |       |       |       |       |     2 |    21 |       ||    23
         Ozocubu's Refrige |       |       |       |       |       |     2 |    15 |       ||    17
         Dispel Undead     |       |       |       |       |       |       |   131 |     2 ||   133
Ability: End Transformatio |       |       |       |       |       |       |     2 |     3 ||     5
  Evoke: Wand              |       |     3 |    20 |     3 |     1 |       |     2 |       ||    29
    Use: Scroll            |       |       |     6 |    11 |    27 |     8 |     8 |       ||    60
         Potion            |       |       |       |     1 |     6 |     2 |     9 |     2 ||    20
   Stab: Sleeping          |     7 |     9 |     6 |    10 |    14 |     8 |    11 |     6 ||    71
         Distracted        |       |     2 |     1 |     2 |       |       |       |       ||     5
         Confused          |       |       |       |       |     3 |       |     1 |       ||     4
 Armour: Robe              |     6 |    16 |    42 |    24 |       |       |       |       ||    88
         Steam dragon scal |       |       |       |    61 |    31 |       |       |       ||    92
         Troll leather arm |       |       |       |       |    52 |    20 |       |       ||    72
         Skin              |       |       |       |       |    40 |   587 |   516 |   237 ||  1380
         Ring mail         |       |       |       |       |       |     3 |    13 |     4 ||    20
  Dodge: Dodged            |    49 |   107 |   161 |   365 |   325 |   912 |   858 |   355 ||  3132
         Repelled          |       |       |       |       |       |     5 |     3 |       ||     8
  Block: Buckler           |       |       |       |       |    46 |   305 |   241 |    89 ||   681
         Reflection        |       |       |       |       |       |    10 |       |       ||    10
